 Dungeon Crawl Stone Soup version 0.31-a0-4-gefa6de2278 (webtiles) character file.

Game seed: 2429936295755330914

65 qeuew the Covered (level 3, -1/36 HPs)
             Began as a Minotaur Fighter on May 4, 2023.
             Slain by a gnoll
             ... wielding a +0 flail
              (6 damage)
             ... on level 3 of the Dungeon.
             The game lasted 00:02:08 (1708 turns).

qeuew the Covered (Minotaur Fighter)                Turns: 1708, Time: 00:02:09

Health: -1/36      AC: 11    Str: 20    XL:     3   Next: 92%
Magic:  2/2        EV:  9    Int:  5    God:
Gold:   197        SH:  5    Dex: 11    Spells: 2/2 levels left

rFire   . . .        a - +1 war axe
rCold   . . .        c - +1 buckler
rNeg    . . .        b - +0 scale mail
rPois   .            (helmet restricted)
rElec   .            (no cloak)
rCorr   .            (no gloves)
SInv    .            (no boots)
Will    .....        (no amulet) Stlth
                     e - +4 ring of protection
HPRegen 0.26/turn    (no ring)
MPRegen 0.08/turn

%: no passive effects
@: lethally poisoned (-1 -> -5), studying Unarmed Combat, unable to drink
A: horns 2, retaliatory headbutt, robust 1, inability to drink after injury 1
a: no special abilities


You were on level 3 of the Dungeon.
You visited 1 branch of the dungeon, and saw 3 of its levels.

You collected 197 gold pieces.

Inventory:

Hand Weapons
 a - a +1 war axe (weapon)
Armour
 b - a +0 scale mail (worn)
 c - a +1 buckler (worn)
Jewellery
 e - a +4 ring of protection (left hand)
Scrolls
 f - a scroll of amnesia
 i - a scroll of fog
Potions
 d - a potion of might
 h - a potion of haste
 o - a potion of heal wounds


   Skills:
 + Level 4.1 Fighting
 + Level 3.1 Axes
 * Level 4.5 Armour
 + Level 1.2 Dodging
 + Level 4.1 Shields


You had 2 spell levels left.
You didn't know any spells.
Your spell library contained the following spells:

 Spells                   Type           Power      Damage    Failure   Level
 Ensorcelled Hibernation  Hex/Ice        0%         N/A       95%         2
 Spider Form              Tmut/Pois      0%         N/A       99%         3
 Volatile Blastmotes      Fire/Tloc      0%         2d10      99%         3
 Anguish                  Hex/Necr       0%         N/A       100%        4
 Fulminant Prism          Conj/Hex       0%         3d5       100%        4
 Iskenderun's Mystic Bla  Conj/Tloc      0%         2d3       100%        4
 Lee's Rapid Deconstruct  Erth           0%         3d4*      100%        5


Dungeon Overview and Level Annotations

Branches:
Dungeon (3/15)

Altars:
The Shining One


Innate Abilities, Weirdness & Mutations

You have a pair of horns on your head.
You reflexively headbutt those who attack you in melee.
You are robust. (+10% HP)
You occasionally lose the ability to drink potions when taking damage.


Message History

You slash the gnoll!
You kill the gnoll!
The gnoll hits you but does no damage.
You are poisoned.
You block the gnoll's attack.
The gnoll hits you from afar with a +0 halberd!
The gnoll barely misses you.
Okay, then.
Okay, then.
Found a spear.
You feel sick. The gnoll barely misses you.
Unknown command.
You barely miss the gnoll.
You feel sick. The gnoll hits you but does no damage.
You are more poisoned.
Unknown command.
You slash the gnoll!
The gnoll is severely wounded.
You feel very sick. The gnoll hits you but does no damage.
The gnoll misses you.
You feel better. The gnoll barely misses you.
The gnoll hits you but does no damage.
You are poisoned.
The gnoll completely misses you.
You hit the gnoll but do no damage.
The gnoll is severely wounded.
You barely miss the gnoll.
You feel very sick. The gnoll closely misses you. The gnoll barely misses you.
The gnoll hits you but does no damage.
The gnoll hits you from afar with a +0 halberd.
The gnoll barely misses you. The gnoll hits you with a +0 flail!
* * * LOW HITPOINT WARNING * * *
You barely miss the gnoll. You headbutt the gnoll.
You kill the gnoll!
You hit the gnoll.
* * * LOW HITPOINT WARNING * * *
You feel sick. The bat hits you but does no damage.
The gnoll hits you with a +0 flail.
You feel threatened and lose the ability to drink potions!
You die...

# #.#
#.#.# ..
#.#.#
##.##.#.#
.....b.>#
.......#
...#)#
#####.#@#
.....gg.#
#####.#.#
#.#.#
#.#.#
#.#.#
##.#.#
###....#
#....###


You could see 2 gnolls and a bat.

Vanquished Creatures
  2 gnolls (D:3)
  An adder (D:2)
  A worm (D:2)
  2 dart slugs
  A ball python (D:1)
  2 bats (D:2)
  6 endoplasms
  2 giant cockroaches (D:3)
  3 goblins
  6 hobgoblins
  A quokka (D:1)
  A frilled lizard (D:2)
  5 kobolds
  5 rats
38 creatures vanquished.

Notes
Turn   | Place    | Note
-------+----------+-------------------------------------------
     0 | D:1      | qeuew the Minotaur Fighter began the quest for the Orb.
     0 | D:1      | Reached XP level 1. HP: 19/19 MP: 0/0
   250 | D:1      | Reached XP level 2. HP: 26/27 MP: 1/1
   572 | D:1      | Gained mutation: You occasionally lose the ability to drink
                  | potions when taking damage. [potion of mutation]
   572 | D:1      | Gained mutation: You are robust. (+10% HP) [potion of
                  | mutation]
   825 | D:2      | Reached XP level 3. HP: 36/36 MP: 2/2
   855 | D:2      | Reached skill level 1 in Dodging
  1247 | D:2      | You fall into a shaft and drop 1 floor!
  1267 | D:3      | Found a glowing golden altar of the Shining One.
  1708 | D:3      | Slain by a gnoll

Illustrated notes

Levels and vault maps discovered:
D:1:      minmay_arrival_pointy, layout_basic, minmay_misc_feat_encased
D:2:      layout_loops_ring, roderic_serpentine_path
D:3:      layout_basic, mainiacjoe_overflow_paths,
          nicolae_tso_swordbearing_angel, ebering_ecumenical_altar_ruins,
          serial_shops, nicolae_shop_stone, minmay_misc_feat_room,
          uniq_crazy_yiuf_cottage, uniq_ijyb

Skill      XL: |  1  2  3 |
---------------+----------+-----
Armour         | 4 |  4.5
Axes           | 3 |  3.1
Dodging        | 1 |  1.2
Fighting       | 4 |  4.1
Shields        | 4 |  4.1

Action                     || total
---------------------------++-------
  Melee: War axe           ||    72
         Headbutt          ||    11
    Use: Potion            ||     7
         Scroll            ||     7
 Armour: Scale mail        ||    33
  Dodge: Dodged            ||    36
  Block: Buckler           ||    21

Table legend: (Time is in decaauts)
 A = Elapsed time spent in this place.
 B = Non-inter-level travel time spent in this place.
 C = Inter-level travel time spent in this place.
 D = Time resting spent in this place.
 E = Time spent auto-exploring this place.
 F = Levels seen in this place.
 G = Mean time per level.
                   A        B        C        D        E       F      G
               +--------+--------+--------+--------+--------+-----+--------+
         Total |   1718 |   1678 |     40 |     47 |   1389 |   3 |  572.7 |
       Dungeon |   1718 |   1678 |     40 |     47 |   1389 |   3 |  572.7 |
               +--------+--------+--------+--------+--------+-----+--------+

Top non-repeatable levels by time:
     D:2: 889 daAuts
     D:1: 652 daAuts
     D:3: 176 daAuts
